Unix NetHack Version 5.0.0-0 post-release - last build May 17 2026 04:57:42 (dc50c8380fa5e20985bfe3072449f57b8d9895ef,branch:main).

Game began 2026-05-14 16:01:53, ended 2026-05-18 15:54:14.

Conradmonkey, neutral male gnomish Wizard

     --- -----                    #####
     |..--.|.--           ----*##### *..--
      ........------     --..--..........--              ---         -----
        u..........| ----|....h...........|----          |.--        |...|
        -..........| |...|................|.%@|          |..|        |...--
        |..........| |...-..--|...........|KfK|          |.K|        --.@.---
         -..<.....-| |...|..|...|..-----..|@K.|  --+--- --K.|        |.K.%..--
         |........||.-----..|......|((.|KK--|---+-..........  *#     -.--KK..|
        --....--- ||.......u|......|((@-K...K........-----...####    .- |.K..|
        |.....--   |...d....|---|.@|((.|.K...K--+-...|.......#**#       -K...|
    -----......|   ------...|m((|..-----K.{...| G|...-.......**#        .....|
   --.|....--.--   --|..-.k[|mm(|......@......|  |...|.......####      >.....|
   |......-- --    |.|..|...|.@.|-+....))---|---------.-...*|    ..  ........|
   |......|       --.----...--|-|......|-|..................|     -- --.....--
   |....|.|  ------....|........|..|.G..@|----...[--------..|         -....--
   --..-|.|  |..-|...%.|..#.....----..|..| @ +....|......|..|         ..----
    |..||.|  |...|.....|-....*...........| m |....-...._..-.|         .-
    -----.----.|.......--).|..K.#.....--------....|....@.||.-        ..
      |........|--..)...[..|-.....................|---------.       `#
      |...------ --.h---------.|.------------------         --       # h
      -----       ----       -----
Conradmonkey the Thaumaturge  St:9 Dx:12 Co:17 In:19 Wi:12 Ch:12  Neutral
Dlvl:6  $:150 HP:0(54) Pw:2(69) AC:6  Xp:7 T:7814  Blind

Latest messages:
 You kill the Kop Sergeant!
 The spell hits the Keystone Kop!
 You kill the Keystone Kop!
 The spell hits the Keystone Kop!
 You kill the Keystone Kop!
 You are hit.
 There's something sticky all over your face.
 In what direction? 4
 The spell hits the Kop Kaptain!
 The Kop Kaptain hits!
 You hit the Kop Kaptain.
 The Kop Kaptain hits!
 You hit the Kop Kaptain.
 The Kop Sergeant hits!
 The Kop Kaptain hits!
 You hear a chugging sound.
 You kill the Kop Kaptain!
 A Kop Kaptain suddenly appears close by!
 A white unicorn suddenly appears!
 You kill the Keystone Kop!
 You hit the Kop Sergeant.
 The Kop Sergeant hits!
 You try to feel what is lying here on the floor.
 You don't have enough energy to cast that spell.
 What do you want to throw? [$ or ?*] <esc>
 Never mind.
 The Kop Sergeant hits!
 You kill the Keystone Kop!
 A Keystone Kop suddenly appears close by!
 The Kop Sergeant is hit.
 You kill the Kop Sergeant!
 You try to feel what is lying here on the floor.
 There is a Kop Kaptain corpse here; eat it? [ynq] (n) y
 This Kop Kaptain corpse tastes okay.
 It misses.
 You stop eating the Kop Kaptain corpse.
 You kill the Keystone Kop!
 You hit the Kop Kaptain.
 You hit the Kop Kaptain.
 The Kop Kaptain hits!
 You hit the Kop Kaptain.
 You hit the Kop Kaptain.
 The Kop Kaptain hits!
 You die...
 Matagami comes and takes the 100 zorkmids you owed her.
 Do you want your possessions identified? [ynq] (y) y
 Do you want to see your attributes? [ynq] (y) y
 Do you want an account of creatures vanquished? [ynaq] (y) y
 Do you want to see your conduct and achievements? [ynq] (y) y
 Do you want to see the dungeon overview? [ynq] (y) y

Inventory:
 Coins    ('$')
  $ - 150 gold pieces
 Weapons  (')')
  a - a +0 quarterstaff (weapon in hands)
 Armor    ('[')
  k - an uncursed rusty +0 orcish helm (being worn)
  h - an uncursed +1 pair of leather gloves (being worn)
  f - an uncursed +0 pair of iron shoes (being worn)
 Comestibles  ('%')
  t - an uncursed food ration
 Scrolls  ('?')
  w - an uncursed scroll of blank paper
  b - an uncursed scroll of identify
  i - an uncursed scroll of magic mapping
 Spellbooks  ('+')
  l - an uncursed spellbook of blank paper
  m - an uncursed spellbook of blank paper
  o - an uncursed spellbook of blank paper
  r - an uncursed spellbook of blank paper
 Rings    ('=')
  d - an uncursed ring of poison resistance
  e - an uncursed +0 ring of protection
 Wands    ('/')
  c - a wand of cancellation (0:4)
 Tools    ('(')
  x - an uncursed lock pick
  n - a magic marker (0:0)

Conradmonkey the Wizard's attributes:

Background:
 You were a Thaumaturge, a level 7 male gnomish Wizard.
 You were neutral, on a mission for Thoth
 who was opposed by Ptah (lawful) and Anhur (chaotic).
 You were right-handed.
 You were in the Gnomish Mines, on level 6.
 You entered the dungeon 7814 turns ago.
 There was a new moon in effect when your adventure ended.
 You had 1036 experience points, 244 more were needed to attain level 8.

Basics:
 You had 0 out of 54 hit points.
 You had 2 out of 69 energy points (spell power).
 Your armor class was 6.
 Your wallet contained 150 zorkmids.
 Autopickup was off.

Final Characteristics:
 Your strength was 9 (peak:10, limit:18/50).
 Your dexterity was 12 (limit:18).
 Your constitution was 17 (limit:18).
 Your intelligence was 19 (limit:19).
 Your wisdom was 12 (limit:18).
 Your charisma was 12 (limit:18).

Final Status:
 You were temporarily blind.
 You weren't hungry.
 You were unencumbered.
 You were wielding a quarterstaff.
 You were skilled in quarterstaff.

Final Attributes:
 You were piously aligned.
 You were telepathic.
 You had infravision.
 You could teleport.
 You were fast.
 You were unlucky.
 You are dead.

Miscellaneous:
 You didn't encounter any bones levels.
 Total elapsed playing time was 2 hours, 31 minutes and 35 seconds.

Major events:
 Turn
    1: Conradmonkey the neutral male gnomish Wizard entered the dungeon
 1117: attained the rank of Conjurer (level 3)
 4338: found Giantslayer in a shop
 4615: entered the Gnomish Mines
 4644: attained the rank of Thaumaturge (level 6)
 7229: reached Mine Town
 7791: stole 100 zorkmids worth of merchandise from Matagami's general store
 7814: killed by a Kop Kaptain

Spells:
 Name                 Level Category     Fail Retention
 force bolt             1   attack         0%   71%-75%
 confuse monster        1   enchantment    0%   71%-80%
 detect treasure        4   divination   100%   51%-75%
 magic missile          2   attack         0%   91%-95%

Skills:
 Fighting Skills
   bare handed combat [Unskilled]
   riding             [Unskilled]
 Weapon Skills
   dagger             [Unskilled]
   knife              [Unskilled]
   axe                [Unskilled]
   short sword        [Unskilled]
   club               [Unskilled]
   mace               [Unskilled]
   quarterstaff       [Skilled]
   polearms           [Unskilled]
   spear              [Unskilled]
   trident            [Unskilled]
   sling              [Unskilled]
   dart               [Unskilled]
   shuriken           [Unskilled]
 Spellcasting Skills
   attack spells      [Skilled]
   healing spells     [Unskilled]
   divination spells  [Unskilled]
   enchantment spells [Basic]
   clerical spells    [Unskilled]
   escape spells      [Unskilled]
   matter spells      [Unskilled]

Voluntary challenges:
 Character rerolling was not enabled.
 You never genocided any monsters.
 You never polymorphed an object.
 You never changed form.
 You used no wishes.
Achievements:
 You attained the rank of Conjurer.
 You entered a shop.
 You entered the Gnomish Mines.
 You attained the rank of Thaumaturge.
 You entered Minetown.
 You entered a temple.

 The Dungeons of Doom: levels 1 to 3
    Level 1:
       Some fountains, a grave.
    Level 2:
       A tool shop.
       Stairs down to The Gnomish Mines.
    Level 3:
       A weapon shop, a sink.
 The Gnomish Mines: levels 3 to 6
    Level 3:
    Level 4:
    Level 5:
    Level 6: <- You were here.
       Many shops, a temple and an altar, some fountains, some trees.
       Final resting place for
          you, killed by a Kop Kaptain.


Vanquished creatures:
  a small mimic
  a leprechaun
  a gold golem
  a dwarf leader
  a Kop Kaptain
  a human zombie
  2 imps
  a water nymph
  4 Mordor orcs
  4 Uruk-hai
  3 rock piercers
  2 rock moles
  a pony
  a fog cloud
  a yellow light
  a shrieker
  3 gnome leaders
  a gnomish wizard
  a Kop Lieutenant
  a gray ooze
  a giant ant
  2 floating eyes
  7 dwarves
  a homunculus
  a kobold leader
  a rothe
  a rabid rat
  5 Kop Sergeants
  3 orc zombies
  5 iguanas
  4 acid blobs
  3 coyotes
  a gas spore
  3 hobbits
  a large kobold
  2 hobgoblins
 11 giant rats
  3 cave spiders
  a brown mold
  2 yellow molds
  a red mold
 12 gnomes
 11 Keystone Kops
  3 gnome zombies
  9 geckos
  2 jackals
  2 foxes
  a kobold
  8 goblins
  a sewer rat
  5 grid bugs
 15 lichens
  3 kobold zombies
 16 newts
179 creatures vanquished.

No species were genocided or became extinct.

Game over:
                       ----------
                      /          \
                     /    REST    \
                    /      IN      \
                   /     PEACE      \
                  /                  \
                  |   Conradmonkey   |
                  |      150 Au      |
                  | killed by a Kop  |
                  |     Kaptain      |
                  |                  |
                  |                  |
                  |       2026       |
                 *|     *  *  *      | *
        _________)/\\_//(\/(/\)/\//\/|_)_______

Goodbye Conradmonkey the Wizard...

You died in The Gnomish Mines on dungeon level 6 with 4277 points,
and 150 pieces of gold, after 7814 moves.
You were level 7 with a maximum of 54 hit points when you died.

